 Dungeon Crawl Stone Soup version 0.28.0 (webtiles) character file.

Game seed: 9836002088857553526

4414 browni3141 the Cleaver (level 10, -12/135 HPs)
             Began as a Minotaur Berserker on Feb 16, 2022.
             Was an Elder of Trog.
             Mangled by a small abomination (16 damage)
             ... on level 6 of the Dungeon.
             The game lasted 00:04:17 (7327 turns).

browni3141 the Cleaver (Minotaur Berserker)         Turns: 7327, Time: 00:04:20

Health: -12/135    AC: 19    Str: 27    XL:     10   Next: 14%
Magic:  9/9        EV:  6    Int:  4    God:    Trog [****..]
Gold:   430        SH: 11    Dex:  9    Spells: 9/9 levels left

rFire   + . .      SeeInvis .   y - +0 hand axe (freeze)
rCold   . . .      Faith    .   w - +1 kite shield {AC+3}
rNeg    . . .      Spirit   .   z - +0 plate armour
rPois   .          Reflect  .   (helmet restricted)
rElec   .          Harm     .   o - +0 cloak
rCorr   .          Rampage  .   (no gloves)
Will    .....                   d - +0 pair of boots
Stlth   ..........              k - amulet of the acrobat
HPRegen 0.32/turn               v - ring of protection from fire
MPRegen 0.11/turn               (no ring)

@: berserking (expiring), very quick
A: horns 2, retaliatory headbutt
a: Renounce Religion, Berserk, Trog's Hand, Brothers in Arms


You were on level 6 of the Dungeon.
You worshipped Trog.
Trog was greatly pleased with you.
You visited 1 branch of the dungeon, and saw 6 of its levels.

You collected 661 gold pieces.
You spent 231 gold pieces at shops.

Inventory:

Hand Weapons
 a - a +0 hand axe
 y - a +0 hand axe of freezing (weapon)
Armour
 b - a +0 animal skin
 d - a +0 pair of boots (worn)
 j - a +0 scale mail
 o - a +0 cloak (worn)
 w - a +1 kite shield of protection (worn)
 z - a +0 plate armour (worn)
Jewellery
 k - an amulet of the acrobat (around neck)
 s - a ring of ice
 v - a ring of protection from fire (left hand)
Scrolls
 g - 2 scrolls of blinking {unknown}
 h - a scroll of vulnerability {unknown}
 l - a scroll of torment {unknown}
 m - a scroll of fog {unknown}
 n - 2 scrolls of immolation {unknown}
 p - a scroll of summoning {unknown}
 q - a scroll of identify {unknown}
 r - 3 scrolls of noise {unknown}
 u - a scroll of enchant weapon {unknown}
 x - a scroll of fear {unknown}
Potions
 c - a potion of brilliance {unknown}
 e - a potion of mutation {unknown}
 f - a potion of degeneration {unknown}
 i - a potion of curing {unknown}
 t - a potion of flight {unknown}


   Skills:
 + Level 8.4 Fighting
 * Level 11.3 Axes
 + Level 7.9 Armour
 - Level 2.1 Dodging
 + Level 9.2 Shields


You had 9 spell levels left.
You didn't know any spells.
Your spell library was empty.

Dungeon Overview and Level Annotations

Branches:
Dungeon (6/15)             Temple (0/1) D:5

Altars:
Elyvilon
Fedhas
Wu Jian

Shops:
D:5 [

Portals:
Abyss: D:6

Annotations:
D:6 1 transporter


Innate Abilities, Weirdness & Mutations

You have a pair of horns on your head.
You reflexively headbutt those who attack you in melee.


Message History

The small abomination hits you.
You closely miss the small abomination.
The small abomination is heavily damaged.
You hit the white ugly thing. You slash the small abomination!
You freeze the small abomination.
The small abomination hits you but does no damage.
The white ugly thing headbutts you! The white ugly thing freezes you!
You block the small abomination's attack.
You hit the small abomination but do no damage.
The small abomination is severely damaged.
You barely miss the small abomination. You slash the white ugly thing!
You freeze the white ugly thing. The small abomination hits you.
You hit the small abomination. You freeze the small abomination.
The small abomination is almost destroyed.
You hit the small abomination but do no damage.
You hit the white ugly thing. You freeze the white ugly thing.
The white ugly thing headbutts you but does no damage.
You block the gnoll sergeant's attack. The small abomination hits you!
* * * LOW HITPOINT WARNING * * *
You are too injured to fight recklessly!
You slash the white ugly thing!
The white ugly thing is severely wounded.
You barely miss the small abomination. x2
You block the small abomination's attack.
You completely miss the white ugly thing.
You headbutt the white ugly thing.
The white ugly thing is severely wounded.
You closely miss the small abomination. You slash the small abomination!
You freeze the small abomination.
You destroy the small abomination!
Trog accepts your kill. The white ugly thing headbutts you.
* * * LOW HITPOINT WARNING * * *
The white ugly thing freezes you!!
* * * LOW HITPOINT WARNING * * *
The gnoll sergeant hits you but does no damage.
Space warps around you.
* * * LOW HITPOINT WARNING * * *
The small abomination hits you!
You die...

#.......# #...............©.....
#.......# #...####.......###....
############...#.©###...###$##...
#....#...##:..##..# ...#..#
#....#....#∩#.§######.##..#
#....#...##..#...g.#.##...#
#####.......##..#.#x.##.##.(..#
#...........#.u## .©.#.x#......
#...........##@.# ###..x###....
###............##xg##©###...##...
...............##5.#....##..^#...
......))......##.#.###...##.x#...
.......).##...#...#..##..##.##...
........###...##...#.5#..#.u#....
#######........####..##..##.#....
#.#.........####....###....
#.#..........##............


You could see a white ugly thing, a small abomination, a gnoll sergeant and a
quasit.

Vanquished Creatures
  The ghost of pkoi the Destroyer, a novice DrCj of Sif Muna (D:6)
  Pikel (D:5)
  The ghost of Bricks the Cudgeller, an amateur TrFi (D:4)
  4 yaks (D:6)
  Sigmund (D:2)
  A small abomination (D:6)
  A water moccasin (D:6)
  An orc warrior (D:6)
  An ice beast (D:5)
  A sky beast (D:6)
  2 black bears
  3 ogres
  2 centaurs (D:6)
  A lemure (D:5)
  A phantom (D:5)
  A kobold brigand (D:6)
  Blork the orc (D:4)
  2 water moccasin zombies (D:5)
  6 scorpions
  A water moccasin skeleton (D:5)
  A howler monkey (D:4)
  A centaur zombie (D:6)
  A bullfrog zombie (D:5)
  A gnoll shaman (D:5)
  2 orc priests
  A hound (D:4)
  2 bullfrog skeletons (D:5)
  5 iguanas
  A scorpion zombie (D:5)
  Terence (D:2)
  2 orc wizards
  A hound skeleton (D:4)
  A howler monkey zombie (D:5)
  Robin (D:3)
  7 adders
  8 gnolls (D:5)
  A white imp (D:5)
  An ufetubus (D:4)
  2 adder skeletons (D:4)
  5 worms
  2 dart slugs
  16 orcs
  6 ball pythons
  8 endoplasms
  3 giant cockroaches
  13 goblins
  11 hobgoblins
  7 jackals
  3 quokkas
  4 bats
  4 frilled lizards
  7 kobolds
  6 rats
168 creatures vanquished.

Notes
Turn   | Place    | Note
-------+----------+-------------------------------------------
     0 | D:1      | browni3141 the Minotaur Berserker began the quest for the
                  | Orb.
     0 | D:1      | Reached XP level 1. HP: 19/19 MP: 0/0
   266 | D:1      | Reached skill level 4 in Axes
   267 | D:1      | Reached XP level 2. HP: 23/27 MP: 1/1
  1047 | D:2      | Reached XP level 3. HP: 33/33 MP: 2/2
  1125 | D:2      | Reached ** piety under Trog
  1242 | D:2      | Noticed Terence
  1249 | D:2      | Killed Terence
  1250 | D:2      | Reached skill level 5 in Axes
  1250 | D:2      | Reached XP level 4. HP: 36/41 MP: 3/3
  1468 | D:2      | Noticed Sigmund
  1484 | D:2      | Killed Sigmund
  1485 | D:2      | Reached skill level 5 in Fighting
  1485 | D:2      | Reached skill level 6 in Axes
  1485 | D:2      | Reached XP level 5. HP: 48/48 MP: 4/4
  2373 | D:3      | Noticed Robin
  2378 | D:3      | Reached XP level 6. HP: 56/56 MP: 5/5
  2384 | D:3      | Killed Robin
  2414 | D:3      | Found a white marble altar of Elyvilon.
  2892 | D:3      | Reached *** piety under Trog
  3292 | D:3      | >
  3387 | D:4      | Noticed Bricks's ghost (amateur TrFi)
  3391 | D:4      | Found a runed translucent gate.
  3391 | D:4      | Found a runed translucent gate.
  3391 | D:4      | Found a runed translucent gate.
  3402 | D:4      | Reached skill level 7 in Axes
  3408 | D:4      | Killed Bricks's ghost
  3409 | D:4      | Reached skill level 5 in Armour
  3409 | D:4      | Reached XP level 7. HP: 62/62 MP: 6/6
  3524 | D:4      | Reached skill level 8 in Axes
  3984 | D:4      | Noticed Blork the orc
  3995 | D:4      | Killed Blork the orc
  4385 | D:5      | Entered Level 5 of the Dungeon
  4420 | D:5      | Found a blossoming altar of Fedhas.
  4466 | D:5      | Reached XP level 8. HP: 17/71 MP: 7/7
  4760 | D:5      | Found an ornate altar of the Wu Jian Council.
  4931 | D:5      | Reached skill level 9 in Axes
  5108 | D:5      | Reached **** piety under Trog
  5182 | D:5      | Found Kidax's Armour Shop.
  5189 | D:5      | Bought a +1 kite shield of protection for 231 gold pieces
  5222 | D:5      | Reached skill level 1 in Shields
  5223 | D:5      | Found a staircase to the Ecumenical Temple.
  5521 | D:5      | Reached skill level 5 in Shields
  5738 | D:5      | Reached XP level 9. HP: 78/78 MP: 8/8
  6008 | D:5      | Noticed Pikel
  6020 | D:5      | Killed Pikel
  6507 | D:6      | Reached skill level 10 in Axes
  6770 | D:6      | Found a transporter.
  6791 | D:6      | Noticed a white ugly thing
  6810 | D:6      | Found a transporter.
  6814 | D:6      | Found a one-way gate to the infinite horrors of the Abyss.
  6815 | D:6      | Noticed pkoi's ghost (novice DrCj)
  7050 | D:6      | Reached skill level 11 in Axes
  7050 | D:6      | Reached XP level 10. HP: 88/88 MP: 9/9
  7321 | D:6      | Killed pkoi's ghost
  7327 | D:6      | HP: 4/135 [gnoll sergeant (4)]
  7327 | D:6      | Mangled by a small abomination

Illustrated notes

#.#....'.).....'..
#.#.####.......###
#.#.# #....######
#.#.# ##........(
#.#.# ####.#####
#.#.# #.#
#.#.########.#####
#.#.............>.
#@##########÷#####
#............#
##############


Turn 3292 on D:3: >

Levels and vault maps discovered:
D:1:      saegor_arrival_simple_d, layout_loops_ring, corexii_leaking_fountain
D:2:      minmay_wonky_spiral, layout_basic, uniq_sigmund, uniq_terence
D:3:      layout_basic, mainiacjoe_overflow_surrounded_room, nicolae_wormholes,
          uniq_robin
D:4:      kennysheep_spiral_hall, layout_loops_ring, gammafunk_ghost_split,
          minmay_misc_feat_hallway, uniq_blork_the_orc
D:5:      minmay_polygon_palace, layout_basic, fedhas_altar_3,
          nzn_wu_jian_contemplation, minmay_temple_entry_junction, serial_shops,
          nicolae_square_shop, small_statue_alley_b, uniq_pikel
D:6:      layout_basic, gammafunk_ghost_abyssal_escape

Skill      XL: |  1  2  3  4  5  6  7  8  9 |
---------------+----------------------------+-----
Axes           | 4 5 6 7 8 9 11 | 11.3
Fighting       | 4 5 6 8 |  8.4
Armour         | 3 4 5 6 7 |  7.9
Shields        | 7 9 |  9.2
Dodging        | |  2.1

Action                   |  1- 3 |  4- 6 |  7- 9 | 10-12 || total
-------------------------+-------+-------+-------+-------++-------
Melee: Hand axe          |    63 |   111 |   266 |    16 ||   456
       Headbutt          |     9 |    26 |    52 |     3 ||    90
       Punch             |       |     2 |     1 |       ||     3
Invok: Berserk           |       |     4 |     5 |     1 ||    10
       Trog's Hand       |       |     1 |       |       ||     1
Armor: Animal skin       |    11 |     7 |       |       ||    18
       Scale mail        |       |    24 |   102 |       ||   126
       Plate armour      |       |       |       |     5 ||     5
Dodge: Dodged            |    41 |    45 |   126 |     4 ||   216
Block: Kite shield       |       |       |    80 |     4 ||    84
